 Dungeon Crawl Stone Soup version 0.26-a0-50-gc4d14cd842 (webtiles) character file.

Game seed: 6644809789807458954

397 MisterFreud the Slasher (level 6, -4/43 HPs)
             Began as an Octopode Gladiator on June 4, 2020.
             Slain by an orc warrior
             ... wielding a +0 long sword
              (20 damage)
             ... on level 5 of the Dungeon.
             The game lasted 00:04:23 (5360 turns).

MisterFreud the Slasher (Octopode Gladiator)        Turns: 5360, Time: 00:04:24

Health: -4/43      AC:  1    Str: 14    XL:     6   Next: 83%
Magic:  6/6        EV: 15    Int: 12    God:
Gold:   216        SH:  0    Dex: 13    Spells: 5/5 levels left

rFire    . . .     SeeInvis .   a - +0 long sword
rCold    + . .     Gourm    .   (no shield)
rNeg     . . .     Faith    .   b - +0 hat
rPois    .         Spirit   .   (no amulet)
rElec    .         Reflect  .   m - ring of protection from cold
rCorr    .         Harm     .   f - ring of stealth
MR       .....                  (no ring)
Stlth    +++.......             (no ring)
HPRegen  0.14/turn              (no ring)
MPRegen  0.10/turn              (no ring)
                                (no ring)
                                (no ring)

@: no status effects
A: almost no armour, stealthy swim, amphibious, 8 rings, constrict 8, camouflage
1, gelatinous body 1
a: no special abilities


You were on level 5 of the Dungeon.
You were not hungry.

You visited 1 branch of the dungeon, and saw 5 of its levels.

You collected 216 gold pieces.

Inventory:

Hand Weapons
 a - a +0 long sword (weapon)
Missiles
 c - 3 throwing nets
 o - 6 boomerangs
 v - 9 poisoned darts
 w - 2 silver boomerangs (quivered)
Armour
 b - a +0 hat (worn)
Jewellery
 f - a ring of stealth (right tentacle)
 m - a ring of protection from cold (left tentacle)
 y - an uncursed ring of fire {unknown}
Scrolls
 g - 4 scrolls of remove curse {unknown}
 i - 3 scrolls of enchant weapon {unknown}
 j - 2 scrolls of teleportation {unknown}
 k - a scroll of amnesia {unknown}
 n - 2 scrolls of magic mapping {unknown}
 q - 2 scrolls of enchant armour {unknown}
 s - a scroll of random uselessness {unknown}
 t - a scroll of blinking {unknown}
 u - 3 scrolls of identify {unknown}
 A - a scroll of immolation {unknown}
Potions
 e - 2 potions of stabbing {unknown}
 h - a potion of mutation {unknown}
 l - 2 potions of curing
 p - 2 potions of heal wounds {unknown}
 r - a potion of invisibility {unknown}
 x - a potion of flight {unknown}
Comestibles
 d - 4 rations
 z - a chunk of flesh


   Skills:
 - Level 4.0 Fighting
 - Level 6.0 Long Blades
 - Level 2.0 Throwing
 + Level 4.0 Dodging


You had 5 spell levels left.
You didn't know any spells.
Your spell library was empty.

Dungeon Overview and Level Annotations

Branches:
Dungeon (5/15)
 Temple: D:4-7

Altars:
Ru
Zin


Innate Abilities, Weirdness & Mutations

You cannot wear most types of armour.
You are very stealthy in the water. (Stealth+)
You are amphibious.
You can wear up to eight rings at the same time.
You can use your tentacles to constrict eight enemies at once.
Your skin changes colour to match your surroundings (Stealth+).
Your rubbery body absorbs attacks. (AC +1, EV +1)


Message History

Your Dodging skill increases to level 4!
Some of the chunks of flesh in your inventory have rotted away.
An orc warrior is nearby!
You barely miss the orc warrior. Your grab misses the orc warrior.
The orc warrior closely misses you.
You hit the orc warrior but do no damage.
You grab the orc warrior.
You squeeze the orc warrior, but do no damage.
You constrict the orc warrior, but do no damage.
The orc warrior hits you with a +0 long sword!!
You slash the orc warrior!
The orc warrior is moderately wounded.
You constrict the orc warrior.
The orc warrior hits you with a +0 long sword!
* * * LOW HITPOINT WARNING * * *
You are too injured to fight recklessly!
It was a potion of curing.
You feel better.
You constrict the orc warrior, but do no damage.
The orc warrior hits you with a +0 long sword!!
You die...

#.. #.###.###
#..########.......#
#..#<...........#.#
#..#..###########.#
#..#..# #.# #..#..#
#.#
#..##############.#
#.................#
#.@################
#.o# ##.# ..# ...
####


You could see an orc warrior.

Vanquished Creatures
  A phantom (D:4)
  A howler monkey (D:4)
  An orc wizard (D:3)
  A worker ant (D:4)
  Robin (D:2)
  7 adders
  2 oozes (D:3)
  4 worms
  4 dart slugs
  11 leopard geckos
  8 orcs
  8 giant cockroaches
  5 goblins (D:2)
  13 hobgoblins
  3 jackals (D:1)
  4 quokkas
  A ball python (D:2)
  6 bats
  4 frilled lizards
  14 kobolds
  A leopard gecko skeleton (D:4)
  A quokka skeleton (D:4)
  5 rats
106 creatures vanquished.

Vanquished Creatures (others)
  A plant (D:2)
1 creature vanquished.

Grand Total: 107 creatures vanquished

Notes
Turn   | Place    | Note
-------+----------+-------------------------------------------
     0 | D:1      | MisterFreud the Octopode Gladiator began the quest for the
                  | Orb.
     0 | D:1      | Reached XP level 1. HP: 14/14 MP: 1/1
   239 | D:1      | Reached XP level 2. HP: 20/20 MP: 2/2
   814 | D:1      | Reached XP level 3. HP: 12/26 MP: 3/3
  1058 | D:1      | You fall into a shaft and drop 1 floor!
  1889 | D:2      | Reached XP level 4. HP: 33/33 MP: 4/4
  2498 | D:2      | Noticed Robin
  2507 | D:2      | Killed Robin
  2885 | D:2      | Reached skill level 4 in Long Blades
  3113 | D:3      | Reached XP level 5. HP: 36/37 MP: 5/5
  3843 | D:3      | Reached skill level 5 in Long Blades
  4007 | D:3      | Found a sacrificial altar of Ru.
  4391 | D:4      | Reached XP level 6. HP: 43/43 MP: 6/6
  4776 | D:4      | Found a glowing silver altar of Zin.
  4797 | D:4      | Noticed a phantom
  4821 | D:4      | Killed a phantom
  4821 | D:4      | Reached skill level 6 in Long Blades
  5321 | D:5      | Entered Level 5 of the Dungeon
  5354 | D:5      | Noticed an orc warrior
  5360 | D:5      | Slain by an orc warrior

Illustrated notes

Levels and vault maps discovered:
D:1:      matt_arrival_spirals, layout_basic
D:2:      layout_basic, lexackson_kobold_supper, uniq_robin
D:3:      layout_loops_ring, first_ration, serial_forest,
          infiniplex_forest_lined_2, infiniplex_forest_straight_2,
          infiniplex_forest_end_2, infiniplex_forest_lined_3,
          infiniplex_forest_lined_3, infiniplex_forest_lined_3,
          infiniplex_forest_lined_room_2, infiniplex_forest_clump_tiny,
          nicolae_ru_the_path_less_chosen
D:4:      layout_basic, zin_academy, gup_sewer_entry_pipe,
          minmay_misc_feat_enclosed
D:5:      layout_basic, basic_altar, kennysheep_generic_room_9, uniq_pikel

Skill      XL: |  1  2  3  4  5  6 |
---------------+-------------------+-----
Fighting       | 3 4 |  4.0
Long Blades    | 4 5 6 |  6.0
Dodging        | 4 |  4.0
Throwing       | |  2.0

Action                   |  1- 3 |  4- 6 || total
-------------------------+-------+-------++-------
Melee: Long sword        |    62 |   132 ||   194
       Constrict         |    23 |    42 ||    65
       Tentacles         |     8 |    28 ||    36
Throw: Throwing net      |       |     1 ||     1
       Boomerang         |       |    11 ||    11
  Use: Potion            |       |     1 ||     1
 Stab: Sleeping          |    11 |    13 ||    24
       Distracted        |     1 |       ||     1
  Eat: Chunk             |     3 |    11 ||    14
Armor: Skin              |     3 |     6 ||     9
Dodge: Dodged            |    51 |    74 ||   125
       Rpst.: Long sword |    13 |    19 ||    32

Table legend:
 A = Non-vault XP
 B = Vault XP
 C = Vault XP percentage of total XP
 D = Non-vault monster count
 E = Vault monster count
 F = Vault count percentage of total count
                 A         B        C        D         E       F
            +---------+---------+-------+---------+---------+-------
      Total |     504 |      64 |  11.3 |      82 |      24 |  22.6
            +---------+---------+-------+---------+---------+-------
        D:1 |      41 |       0 |   0.0 |      21 |       0 |   0.0
        D:2 |      58 |      43 |  42.6 |      21 |      16 |  43.2
        D:3 |     165 |       0 |   0.0 |      29 |       0 |   0.0
        D:4 |     237 |      21 |   8.1 |      10 |       8 |  44.4
        D:5 |       3 |       0 |   0.0 |       1 |       0 |   0.0
            +---------+---------+-------+---------+---------+-------
